Unix NetHack Version 5.0.0-0 post-release - last build Jun 10 2026 00:39:30 (3ee93aec679c4c4259841fe613dc97188e26a321,branch:main).

Game began 2026-07-04 14:42:24, ended 2026-07-04 15:05:50.

DiePARTEI, neutral female human Tourist

                                --------   ----
                                |......-----..|
                                |....0..^....0|
                                |.....@------^|
                                |.....f|    |^|
                                |----.------|^|
                                |.....|.`..||^|
                                |.....|000.||^|
                                |..........-|^|
                                |....---...>|<|
                                ------ --------

DiePARTEI the Sightseer     St:11 Dx:15 Co:14 In:11 Wi:11 Ch:16  Neutral
Dlvl:6  $:498 HP:0(47) Pw:18(18) AC:1  Xp:5 T:2777  Burdened

Latest messages:
 With great effort you move the boulder.
 The boulder suddenly rolls away from you!
 You hear a loud crash!
 Thump!
 With great effort you move the boulder.
 You try to move the boulder, but in vain.
 With great effort you move the boulder.
 With great effort you move the boulder.
 The boulder suddenly rolls away from you!
 You hear a loud crash!
 Thump!
 You are no longer invisible.
 With great effort you move the boulder.
 You try to move the boulder, but in vain.
 The gnome lord hits!
 In what direction? 6
 The dart hits the gnome lord.
 In what direction? 6
 The dart hits the gnome lord!
 In what direction? 6
 The dart hits the gnome lord!
 The gnome lord hits!
 In what direction? 6
 The dart hits the gnome lord.
 The gnome lord hits!
 In what direction? 6
 You kill the gnome lord!
 There is a gnome lord corpse here; eat it? [ynq] (n) y
 This gnome lord corpse is stringy.
 You stop eating the gnome lord corpse.
 You have a little trouble lifting a - a +2 dart (at the ready) (18 in total).
 There is a partly eaten gnome lord corpse here; eat it? [ynq] (n) y
 You resume your meal.
 The jaguar hits!
 You stop eating the gnome lord corpse.
 The jaguar just misses!
 The jaguar bites!
 In what direction? 2
 The dart misses the jaguar.
 The jaguar misses!
 The jaguar hits!
 The jaguar misses!
 The jaguar hits!
 The jaguar hits again!
 You die...
 Do you want your possessions identified? [ynq] (y) y
 Do you want to see your attributes? [ynq] (y) y
 Do you want an account of creatures vanquished? [ynaq] (y) y
 Do you want to see your conduct and achievements? [ynq] (y) y
 Do you want to see the dungeon overview? [ynq] (y) y

Inventory:
 Coins    ('$')
  $ - 498 gold pieces
 Weapons  (')')
  p - a blessed +2 dart
  a - 17 +2 darts (at the ready)
  H - 52 +0 darts
  z - 12 cursed +0 darts
  r - a poisoned +1 dart
  u - 2 poisoned +0 darts
 Armor    ('[')
  V - an uncursed +1 orcish helm (being worn)
  R - an uncursed -1 shield of reflection (being worn)
  l - an uncursed +0 Hawaiian shirt with a parrot motif (being worn)
  X - an uncursed +0 bronze plate mail (being worn)
 Comestibles  ('%')
  c - an uncursed cream pie
  b - 5 uncursed food rations
  G - an uncursed orange
  e - an uncursed pear
  h - 5 uncursed tripe rations
  i - an uncursed tin of french fried lichen
  g - an uncursed tin of sauteed goblin meat
  B - an uncursed lizard corpse
 Scrolls  ('?')
  O - 2 uncursed scrolls of confuse monster
  t - a cursed scroll of food detection
  Y - an uncursed scroll of identify
  k - 4 uncursed scrolls of magic mapping
  N - an uncursed scroll of remove curse
  S - an uncursed scroll of scare monster
 Potions  ('!')
  o - 3 uncursed potions of water
 Rings    ('=')
  y - a cursed -1 ring of protection
 Wands    ('/')
  q - a wand of digging (0:7)
  x - a wand of undead turning (0:3)
 Tools    ('(')
  s - an empty uncursed oilskin sack
  v - an empty uncursed sack
  W - an uncursed blindfold
  n - an uncursed credit card
  m - an expensive camera (0:68)
  w - an uncursed lock pick
  Z - an uncursed tin opener

DiePARTEI the Tourist's attributes:

Background:
 You were a Sightseer, a level 5 female human Tourist.
 You were neutral, on a mission for The Lady
 who was opposed by Blind Io (lawful) and Offler (chaotic).
 You were right-handed.
 You were in Sokoban, on level 6.
 You entered the dungeon 2777 turns ago.
 You had 214 experience points, 106 more were needed to attain level 6.

Basics:
 You had 0 out of 47 hit points.
 You had all 18 energy points (spell power).
 Your armor class was 1.
 Your wallet contained 498 zorkmids.
 Autopickup was off.

Final Characteristics:
 Your strength was 11 (limit:18/100).
 Your dexterity was 15 (limit:18).
 Your constitution was 14 (limit:18).
 Your intelligence was 11 (limit:18).
 Your wisdom was 11 (limit:18).
 Your charisma was 16 (limit:18).

Final Status:
 You weren't hungry.
 You were burdened; movement was slightly slowed.
 You were bare handed.
 You had basic skill with bare handed combat.

Final Attributes:
 You were piously aligned.
 You were telepathic.
 You were warded.
 Your spell casting was impaired by metallic armor.
 You had reflection.
 You are dead.

Miscellaneous:
 You didn't encounter any bones levels.
 Total elapsed playing time was 23 minutes and 26 seconds.

Major events:
 Turn
    1: DiePARTEI the neutral female human Tourist entered the dungeon
 1095: entered the Gnomish Mines
 1250: attained the rank of Sightseer (level 3)
 2374: entered Sokoban
 2777: killed by a jaguar

Spells:
 Name                 Level Category     Fail Retention
 healing                1   healing      100%  76%-100%
 detect food            2   divination   100%  76%-100%
 magic missile          2   attack       100%  76%-100%

Skills:
 Fighting Skills
   bare handed combat [Basic]
   two weapon combat  [Unskilled]
   riding             [Unskilled]
 Weapon Skills
   dagger             [Unskilled]
   knife              [Unskilled]
   axe                [Unskilled]
   pick-axe           [Unskilled]
   short sword        [Unskilled]
   broadsword         [Unskilled]
   long sword         [Unskilled]
   two-handed sword   [Unskilled]
   saber              [Unskilled]
   mace               [Unskilled]
   morning star       [Unskilled]
   flail              [Unskilled]
   hammer             [Unskilled]
   quarterstaff       [Unskilled]
   polearms           [Unskilled]
   spear              [Unskilled]
   trident            [Unskilled]
   lance              [Unskilled]
   bow                [Unskilled]
   sling              [Unskilled]
   crossbow           [Unskilled]
   dart               [Basic]
   shuriken           [Unskilled]
   boomerang          [Unskilled]
   whip               [Unskilled]
   unicorn horn       [Unskilled]
 Spellcasting Skills
   divination spells  [Unskilled]
   enchantment spells [Unskilled]
   escape spells      [Unskilled]

Voluntary challenges:
 Character rerolling was not enabled.
 You never hit with a wielded weapon.
 You never genocided any monsters.
 You never polymorphed an object.
 You never changed form.
 You used no wishes.
 You did not violate any of the special Sokoban rules.
Achievements:
 You entered a shop.
 You entered the Gnomish Mines.
 You attained the rank of Sightseer.
 You entered Sokoban.

 The Dungeons of Doom: levels 1 to 7
    Level 1:
       An altar to The Lady.
    Level 2:
       A general store, a grave.
    Level 3:
       Stairs down to The Gnomish Mines.
    Level 4:
    Level 5:
    Level 6:
    Level 7:
       Stairs up to Sokoban, level 6.
 The Gnomish Mines:
    Level 4:
 Sokoban:
    Level 6: <- You were here.
       Unsolved.
       Final resting place for
          you, killed by a jaguar.


Vanquished creatures:
  a lizard
  a rock piercer
  a gnome leader
  a gnomish wizard
  a baby crocodile
  a floating eye
  3 rothes
  a wererat
  4 coyotes
  a hobbit
  a manes
  a large kobold
  2 hobgoblins
  a giant rat
  2 cave spiders
  a yellow mold
  a jackal
  3 foxes
  2 goblins
  3 sewer rats
  7 grid bugs
  5 lichens
  2 kobold zombies
  6 newts
52 creatures vanquished.

No species were genocided or became extinct.

Game over:
                       ----------
                      /          \
                     /    REST    \
                    /      IN      \
                   /     PEACE      \
                  /                  \
                  |    DiePARTEI     |
                  |      498 Au      |
                  |   killed by a    |
                  |      jaguar      |
                  |                  |
                  |                  |
                  |       2026       |
                 *|     *  *  *      | *
        _________)/\\_//(\/(/\)/\//\/|_)_______

Aloha DiePARTEI the Tourist...

You died in Sokoban on dungeon level 6 with 1237 points,
and 498 pieces of gold, after 2777 moves.
You were level 5 with a maximum of 47 hit points when you died.

